 Dungeon Crawl Stone Soup version 0.30-a0-760-g5a9884bb7c (webtiles) character file.

Game seed: 4447707754881397311

160440 jt the Severer (level 17, -2/140 HPs)
             Began as a Mummy Fighter on Feb 11, 2023.
             Was the Champion of Kikubaaqudgha.
             Slain by a nagaraja
             ... wielding a +0 flail
              (12 damage)
             ... on level 4 of the Snake Pit.
             The game lasted 01:24:10 (33908 turns).

jt the Severer (Mummy Fighter)                     Turns: 33908, Time: 01:24:11

Health: -2/140     AC: 34    Str: 24    XL:     17   Next: 18%
Magic:  28/31      EV:  0    Int:  9    God:    Kikubaaqudgha [******]
Gold:   2513       SH: 19    Dex: 24    Spells: 33/36 levels left

rFire   + . .      SeeInvis .    a - +9 broad axe (pain)
rCold   + + +      Faith    +    l - +0 kite shield {rC+ rF+}
rNeg    + + +      Spirit   .    w - +10 crystal plate armour of Valiance {Dex+7}
rPois   ∞          Reflect  +    O - +0 helmet
rElec   +          Harm     .    S - +0 cloak
rCorr   .          Rampage  .    x - +1 pair of gloves
Will    ++...      NoTele   +    p - +0 pair of boots Stlth
                                 G - amulet "Uddam" {Reflect *Corrode rElec rC+ SH+5}
HPRegen 0.43/turn                i - ring "Yceaxto" {rPois rF+ Dex+4}
MPRegen 0.22/turn                e - ring of wizardry

@: untranslocatable, constricted
A: cold resistance 1, negative energy resistance 3, torment resistance 2, heat
vulnerability 1, in touch with death 2, no potions, faith
a: Renounce Religion, Unearth Wretches, Torment


You were on level 4 of the Snake Pit.
You worshipped Kikubaaqudgha.
Kikubaaqudgha was exalted by your worship.
You visited 6 branches of the dungeon, and saw 26 of its levels.
You also visited: Bailey, Gauntlet and Volcano.

You collected 3822 gold pieces.
You spent 1309 gold pieces at shops.

Inventory:

Hand Weapons
 a - a +9 broad axe of pain (weapon)
 r - a +0 heavy sling
 I - a +4 vampiric trident
 L - a +4 hand axe of flaming
 M - the +4 mace "Zinwoluh" {freeze, *Noise rElec Str+6 Int+3}
   (You found it on level 1 of the Lair of Beasts)

   Str:       It affects your strength (+6).
   Int:       It affects your intelligence (+3).
   rElec:     It insulates you from electricity.
   *Noise:    It may make noises in combat.
Missiles
 C - 11 poisoned darts (quivered)
 E - 32 boomerangs
 J - 4 javelins
 K - a throwing net
 T - a silver boomerang
Armour
 l - a +0 kite shield of resistance (worn)
 p - a +0 pair of boots (worn)
 w - the +10 crystal plate armour of Valiance (worn) {Dex+7}
   (You acquired it on level 6 of the Dungeon)

   Dex:       It affects your dexterity (+7).
 x - a +1 pair of gloves (worn)
 O - a +0 helmet (worn)
 S - a +0 cloak (worn)
 X - the +2 pair of gloves of the Thirsty Realms {Harm rF+ Will++ Slay-2}
   (You found it on level 3 of the Snake Pit)

   Slay:      It affects your accuracy & damage with ranged weapons and melee
   (-2).
   rF:        It protects you from fire.
   Harm:      It increases damage dealt and taken.
   Will:      It greatly increases your willpower.
Magical Staves
 f - a staff of fire
 k - a staff of cold
 n - a staff of death
 q - a staff of earth
Jewellery
 b - a ring of willpower
 e - a ring of wizardry (right hand)
 i - the ring "Yceaxto" (left hand) {rPois rF+ Dex+4}
   (You found it in a Gauntlet)

   [ring of protection from fire]

   Dex:       It affects your dexterity (+4).
   rF:        It protects you from fire.
   rPois:     It protects you from poison.
 u - an amulet of regeneration
 y - a +4 ring of protection
 A - a ring of flight
 B - a +6 ring of intelligence
 D - the ring "Eghue" {Ice rPois Int-4 SInv Stlth+}
   (You found it on level 6 of the Dungeon)

   [ring of ice]

   It enhances your ice magic.
   Int:       It affects your intelligence (-4).
   rF:        It makes you vulnerable to fire.
   rC:        It protects you from cold.
   rPois:     It protects you from poison.
   SInv:      It lets you see invisible.
   Stlth:     It makes you more stealthy.
 G - the amulet "Uddam" (around neck) {Reflect *Corrode rElec rC+ SH+5}
   (You acquired it in a bailey)

   [amulet of reflection]

   It reflects blocked missile attacks.
   rC:        It protects you from cold.
   rElec:     It insulates you from electricity.
   *Corrode:  It may corrode you when you take damage.
   SH:        It affects your SH (+5).
 P - a ring of resist corrosion
 W - an amulet of guardian spirit
 Y - a ring of protection from fire
Wands
 j - a wand of charming (7)
 o - a wand of mindburst (8)
 s - a wand of flame (58)
 v - a wand of quicksilver (6)
 U - a wand of roots (2)
 V - a wand of digging (2)
 Z - a wand of polymorph (1)
Scrolls
 c - 2 scrolls of immolation
 d - 2 scrolls of teleportation
 g - a scroll of poison
 m - 4 scrolls of enchant armour
 t - 3 scrolls of blinking
 F - 8 scrolls of fog
 H - a scroll of vulnerability
 N - a scroll of fear
 Q - 2 scrolls of silence
 R - 2 scrolls of magic mapping
Miscellaneous
 h - a box of beasts
 z - a piece from Xom's chessboard (15/15)


   Skills:
 + Level 14.9 Fighting
 * Level 17.3 Axes
 - Level 2.0 Throwing
 - Level 6.5 Armour
 * Level 10.9 Shields
 - Level 10.3 Spellcasting
 - Level 10.4 Necromancy
 - Level 1.7 Evocations


You had 33 spell levels left.
You knew the following spells:

 Your Spells              Type           Power      Damage    Failure   Level
a - Blink                 Tloc           8%         N/A       100%        2
b - Kiss of Death         Conj/Necr      100%       2d13      69%         1

Your spell library contained the following spells:

 Spells                   Type           Power      Damage    Failure   Level
 Necrotise                Necr           100%       1d9       13%         1
 Vampiric Draining        Necr           51%        2d9       36%         3
 Animate Dead             Necr           51%        N/A       75%         4
 Dispel Undead            Necr           51%        3d19      75%         4
 Cigotuvi's Dreadful Rot  Necr/Pois/Air  48%        N/A       96%         2
 Agony                    Necr           51%        N/A       97%         5
 Ensorcelled Hibernation  Hex/Ice        8%         N/A       100%        2
 Lesser Beckoning         Tloc           8%         N/A       100%        2
 Momentum Strike          Conj/Tloc      8%         3d8       100%        2
 Passwall                 Tmut/Erth      3%         N/A       100%        2
 Poisonous Vapours        Pois/Air       8%         N/A       100%        2
 Frozen Ramparts          Ice            8%         1d2       100%        3
 Mephitic Cloud           Conj/Pois/Air  4%         N/A       100%        3
 Ozocubu's Armour         Ice            4%         N/A       100%        3
 Anguish                  Hex/Necr       15%        N/A       100%        4
 Leda's Liquefaction      Hex/Erth       2%         N/A       100%        4
 Manifold Assault         Tloc           4%         N/A       100%        4
 Summon Ice Beast         Ice/Summ       4%         N/A       100%        4
 Alistair's Intoxication  Tmut/Pois      2%         N/A       100%        5
 Borgnjor's Vile Clutch   Necr/Erth      15%        N/A       100%        5
 Irradiate                Conj/Tmut      2%         3d12      100%        5
 Death Channel            Necr           25%        N/A       100%        6
 Malign Gateway           Summ/Tloc      2%         N/A       100%        7
 Ozocubu's Refrigeration  Ice            2%         4d7       100%        7
 Summon Horrible Things   Summ           2%         N/A       100%        8
 Shatter                  Erth           2%         3d6*      100%        9
 Spider Form              Tmut/Pois      Unusable   N/A       N/A         3
 Ice Form                 Ice/Tmut       Unusable   N/A       N/A         4
 Blade Hands              Tmut           Unusable   N/A       N/A         5
 Dragon Form              Tmut           Unusable   N/A       N/A         7
 Storm Form               Tmut/Air       Unusable   N/A       N/A         7

Dungeon Overview and Level Annotations

Branches:
Dungeon (13/15)            Temple (1/1) D:5            Lair (5/5) D:10
 Shoals (1/4) Lair:2        Snake (4/4) Lair:3        Slime (0/5) Lair:4
    Orc (2/2) D:12            Elf (0/3) Orc:2        Vaults (0/5) D:13
 Bailey (visited)         Volcano (visited)         Gauntlet (visited)

Altars:
Ashenzari
Cheibriados
Fedhas
Kikubaaqudgha
Makhleb
Nemelex Xobeh
Okawaru
Qazlal
Sif Muna
Trog
Uskayaw
Vehumet
Wu Jian
Xom
Yredelemnul

Shops:
D:8 [(   D:10 [   D:11 :   Orc:2 ??(?   Snake:1 :   Snake:2 !?

Annotations:
D:13 2 transporters, Rirphuq's ghost, journeyman DECj
Snake:2 Roxanne


Innate Abilities, Weirdness & Mutations

You are immune to poison.
Your flesh is cold resistant. (rC+)
You are immune to negative energy. (rN+++)
You are immune to unholy pain and torment.
You are vulnerable to heat. (rF-)
You are strongly in touch with the powers of death.
You do not drink.
You have a special connection with the divine. (Faith)


Message History

The floor, spattered with blood.
Okay, then.
You completely miss the naga warrior.
The naga warrior is almost dead.
You slash the guardian serpent!
You kill the guardian serpent!
Kikubaaqudgha accepts your kill.
You barely miss the nagaraja. You hit the naga sharpshooter.
The naga sharpshooter writhes in agony.
You kill the naga sharpshooter!
Kikubaaqudgha accepts your kill.
You slice the naga sharpshooter!!
The naga sharpshooter writhes in agony.
You hit the naga warrior but do no damage.
The naga warrior writhes in agony!
The naga warrior dies!
Kikubaaqudgha accepts your kill.
The naga sharpshooter shoots a bolt.
The bolt hits you but does no damage. The nagaraja casts a spell at you.
The bolt of poison misses you.
You slash the nagaraja!
The nagaraja writhes in agony.
The nagaraja is almost dead.
You hit the naga sharpshooter.
You kill the naga sharpshooter!
Kikubaaqudgha accepts your kill.
You hit the naga warrior.
The naga warrior writhes in agony!
The nagaraja hits you with a +0 flail!
* * * LOW HITPOINT WARNING * * *
You block the nagaraja's attack.
The naga warrior hits you with a +0 glaive!
* * * LOW HITPOINT WARNING * * *
You block the naga warrior's attack.
You slash the nagaraja!
The nagaraja writhes in agony!
The nagaraja is almost dead.
You closely miss the naga warrior. The nagaraja spits poison at you.
The splash of poison hits you but does no damage.
You resist. You block the naga warrior's attack. The naga warrior grabs you.
The naga warrior constricts you. The nagaraja hits you with a +0 flail!
You die...
Kikubaaqudgha rasps: "You have failed me!
Welcome... oblivion!"

#..##........................)##.
....##..................[...)###.
#...##...........)........?.#.#..
##..#.###########.....##########.
##..)#...# ##.....###.##....
####.############.....##.#...#.
#..#####.....###.....##.#.#..
#...##.....)N..##....##.#.#.#
#####......)@S..##....#.##..#
#.....####N...##...####...
#...### #.:..##)).##.... # ##...#
#....#.).#...#. #######...##
#...#.[[#.##.. .#....#..[#
...#...##.... ####..#...#
..#...#..... .....##...#
.#...#..... ##....#...#
##..##.....


You could see a nagaraja (fast, strong, catching breath), a naga warrior
(catching breath) and a guardian serpent.

Vanquished Creatures
  Vashnia (Snake:3)
  Nikola (Snake:2)
  Agnes (Snake:4)
  Kirke (Snake:4)
  11 nagarajas
  Aizul (Snake:4)
  Azrael (D:12)
  A minotaur (Gauntlet)
  The ghost of Lakiaq the Fencer, a journeyman VSWr of Uskayaw (Snake:3)
  A yaktaur captain (D:13)
  A merfolk impaler (Shoals:1)
  A fire dragon (Snake:2)
  2 salamander tyrants (Snake:1)
  A catoblepas (Lair:4)
  A merfolk aquamancer (Shoals:1)
  4 hydras
  2 boulder beetles
  2 centaur warriors
  19 naga warriors
  15 anacondas
  2 two-headed ogres
  3 death yaks (Lair:5)
  18 naga sharpshooters
  4 shock serpents
  3 orc high priests (Orc:2)
  A soul eater (Gauntlet)
  A tengu warrior (D:13)
  A skyshark (Lair:3)
  A sea snake (Shoals:1)
  5 naga ritualists
  2 phantasmal warriors (Snake:4)
  A deep elf pyromancer (D:13)
  A lindwurm (Lair:5)
  7 orc knights
  2 ugly things
  13 mana vipers
  A worldbinder (Gauntlet)
  8 orc sorcerers
  A wolf spider (Gauntlet)
  A cyclops (D:12)
  7 fauns (Shoals:1)
  2 moths of wrath
  10 salamanders
  A manticore (Shoals:1)
  4 merfolk sirens
  11 elephants
  35 black mambas
  8 guardian serpents
  15 naga magi
  An apocalypse crab (Gauntlet)
  A gargoyle (D:12)
  A torpor snail (Lair:5)
  11 cane toads
  9 komodo dragons
  3 rime drakes (Lair:5)
  An unseen horror (D:13)
  A spectral naga (Snake:4)
  A kobold demonologist (Bailey)
  2 yaktaurs (D:13)
  A tengu conjurer (D:13)
  A wind drake (Shoals:1)
  5 trolls
  A polar bear (Lair:5)
  6 merfolk
  3 snapping turtles (Shoals:1)
  10 blink frogs
  8 dream sheep (Lair:5)
  5 wraiths
  3 slime creatures (D:13)
  2 shadows
  3 water elementals (Shoals:1)
  A vampire (D:6)
  4 hogs
  2 fire elementals (D:12)
  35 yaks
  A basilisk (Lair:5)
  3 wyverns
  A neqoxec (Gauntlet)
  4 redbacks (Gauntlet)
  3 steam dragons
  4 vampire mosquitoes (D:13)
  2 wargs (Orc:1)
  Menkaure (D:6)
  2 chaos spawn (Gauntlet)
  3 acid dragons
  43 nagas
  8 water moccasins
  4 hell hounds
  2 sky beasts
  A black bear (D:7)
  40 orc warriors
  6 ogres
  2 boggarts (Gauntlet)
  19 wolves
  7 centaurs
  A phantom (D:6)
  2 kobold brigands
  Blork the orc (D:6)
  A wyvern zombie (D:6)
  A necrophage (D:4)
  4 gnoll sergeants
  12 bullfrogs
  2 scorpions
  6 wights
  9 killer bees
  5 electric eels
  7 howler monkeys
  A quasit (D:8)
  30 orc priests
  3 jellies
  An iguana (D:6)
  A hell rat (Lair:5)
  32 orc wizards
  A killer bee zombie (D:6)
  23 gnolls
  7 adders
  6 shadow imps
  4 white imps
  3 ufetubi
  2 worms (D:4)
  2 dart slugs
  94 orcs
  6 ball pythons
  8 endoplasms
  4 giant cockroaches
  13 hobgoblins
  2 jackals
  14 kobolds
  3 quokkas
  6 bats
  2 frilled lizards
  23 goblins
  A rat (D:1)
857 creatures vanquished.

Vanquished Creatures (collateral kills)
  An orc knight (Bailey)
  A necrophage (D:5)
  An orc priest (D:5)
  An iguana (D:5)
  4 gnolls (D:5)
  An orc (Bailey)
  A goblin (Bailey)
10 creatures vanquished.

Vanquished Creatures (others)
  A naga warrior (Snake:4)
  3 humans (Snake:4)
  A naga (Snake:1)
  A hell hound (D:12)
  An orc warrior (D:12)
  2 orcs
  10 demonic plants (D:8)
  3 fungi
  36 plants
58 creatures vanquished.

Grand Total: 925 creatures vanquished

Notes
Turn   | Place    | Note
-------+----------+-------------------------------------------
     0 | D:1      | jt the Mummy Fighter began the quest for the Orb.
     0 | D:1      | Reached XP level 1. HP: 18/18 MP: 1/1
    40 | D:1      | Reached skill level 2 in Axes
    94 | D:1      | Reached XP level 2. HP: 22/24 MP: 2/2
   783 | D:1      | Gained mutation: You are in touch with the powers of death.
                  | [Mummy growth]
   783 | D:1      | Reached XP level 3. HP: 24/29 MP: 3/3
  1064 | D:2      | Reached skill level 3 in Axes
  1064 | D:2      | Reached XP level 4. HP: 35/35 MP: 4/4
  1315 | D:2      | Learned a level 2 spell: Blink
  2054 | D:3      | Found a faded altar of an unknown god.
  2057 | D:3      | Found a bloodstained altar of Trog.
  2061 | D:3      | Prayed at the altar of an unknown god.
  2061 | D:3      | Became a worshipper of Kikubaaqudgha
  2061 | D:3      | Reached * piety under Kikubaaqudgha
  2061 | D:3      | Received a gift from Kikubaaqudgha
  2065 | D:3      | Learned a level 1 spell: Kiss of Death
  2404 | D:4      | Noticed a necrophage
  2440 | D:4      | Reached XP level 5. HP: 41/41 MP: 5/5
  2562 | D:4      | Found a transporter.
  2576 | D:4      | Found a transporter.
  2800 | D:4      | Reached ** piety under Kikubaaqudgha
  2801 | D:4      | Reached XP level 6. HP: 41/48 MP: 6/6
  3003 | D:4      | You fall into a shaft and drop 2 floors!
  3032 | D:5      | Entered Level 5 of the Dungeon
  3131 | D:5      | Reached skill level 4 in Axes
  3139 | D:5      | Noticed a water moccasin
  3151 | D:5      | Killed a water moccasin
  3152 | D:5      | Reached skill level 1 in Evocations
  3463 | D:5      | Found a staircase to the Ecumenical Temple.
  3470 | D:5      | Reached XP level 7. HP: 51/54 MP: 7/7
  4043 | D:6      | Noticed Blork the orc
  4085 | D:6      | Identified a scroll of acquirement
  4085 | D:6      | Acquired the +10 crystal plate armour of Valiance {Dex+7}
  4159 | D:6      | Reached skill level 5 in Axes
  4272 | Temple   | Entered the Ecumenical Temple
  4571 | D:6      | Reached skill level 5 in Fighting
  4571 | D:6      | Reached XP level 8. HP: 52/62 MP: 8/8
  4605 | D:6      | Killed Blork the orc
  4681 | D:6      | Reached *** piety under Kikubaaqudgha
  4681 | D:6      | Received a gift from Kikubaaqudgha
  4732 | D:6      | Found a transporter.
  4750 | D:6      | Found a transporter.
  4750 | D:6      | Found an ancient bone altar of Kikubaaqudgha.
  4754 | D:6      | Noticed Menkaure
  4768 | D:6      | Found a basalt altar of Yredelemnul.
  4873 | D:6      | Reached skill level 6 in Axes
  4944 | D:6      | Found a snail-covered altar of Cheibriados.
  5367 | D:7      | Reached skill level 7 in Axes
  5529 | D:7      | Reached XP level 9. HP: 68/71 MP: 9/9
  5840 | D:7      | Found a broken altar of Ashenzari.
  6119 | D:8      | Reached **** piety under Kikubaaqudgha
  6238 | D:8      | Found Untaafu's Antique Weapon Shoppe.
  6240 | D:8      | Found Oces's Armour Shop.
  6309 | D:8      | Reached skill level 8 in Axes
  7425 | D:9      | Noticed a troll
  7430 | D:9      | Killed a troll
  7439 | D:9      | Reached skill level 9 in Axes
  7568 | D:9      | Reached ***** piety under Kikubaaqudgha
  7858 | D:9      | Found a flagged portal.
  7868 | Bailey   | Entered a bailey
  7928 | Bailey   | Noticed an orc knight
  7940 | Bailey   | Killed an orc knight
  7941 | Bailey   | Reached skill level 1 in Necromancy
  7941 | Bailey   | Reached XP level 10. HP: 76/80 MP: 10/10
  8021 | Bailey   | Noticed an orc sorcerer
  8028 | Bailey   | Killed an orc sorcerer
  8291 | Bailey   | Reached skill level 10 in Axes
  8428 | Bailey   | Acquired the amulet "Uddam" {Reflect *Corrode rElec rC+
                  | SH+5}
  8524 | Bailey   | Found an iron altar of Okawaru.
  8619 | Bailey   | Reached skill level 1 in Throwing
  8684 | Bailey   | Noticed a sixfirhy
  8688 | Bailey   | Noticed a sun demon
  9230 | D:9      | Identified the +1 robe "Umot" {*Corrode Str+8}
  9952 | D:10     | Entered Level 10 of the Dungeon
  9976 | D:10     | Found a staircase to the Lair.
 10016 | D:9      | Reached XP level 11. HP: 67/89 MP: 11/11
 10335 | D:10     | Found Wumauc's Armour Boutique.
 10433 | D:10     | Noticed a two-headed ogre
 10442 | D:10     | Killed a two-headed ogre
 10443 | D:10     | Reached skill level 11 in Axes
 10774 | D:10     | Found a hide-covered altar of Uskayaw.
 11027 | D:11     | Reached skill level 5 in Necromancy
 11253 | D:11     | Noticed a two-headed ogre
 11262 | D:11     | Killed a two-headed ogre
 11289 | D:11     | Found Qemnaid's Book Shoppe.
 11305 | D:11     | Reached ****** piety under Kikubaaqudgha
 11309 | D:11     | Identified a +2 broad axe of pain (a +0 broad axe of venom
                  | bloodied by Kikubaaqudgha)
 11309 | D:11     | Received a gift from Kikubaaqudgha
 11643 | Lair:1   | Entered Level 1 of the Lair of Beasts
 11653 | Lair:1   | Reached skill level 10 in Fighting
 11691 | Lair:1   | Reached skill level 1 in Spellcasting
 12226 | Lair:1   | Reached skill level 12 in Axes
 12255 | Lair:1   | Reached XP level 12. HP: 98/98 MP: 16/16
 12260 | Lair:1   | Noticed a seven-headed hydra
 12272 | Lair:1   | Killed a one-headed hydra
 12370 | Lair:1   | Identified the +4 mace "Zinwoluh" {freeze, *Noise rElec
                  | Str+6 Int+3}
 12668 | Lair:2   | Found a staircase to the Shoals.
 13317 | Lair:2   | Reached skill level 5 in Spellcasting
 14306 | Lair:3   | Found a staircase to the Snake Pit.
 14993 | Lair:4   | Reached skill level 13 in Axes
 15232 | Lair:4   | Found a staircase to the Slime Pits.
 15279 | Lair:4   | Found a shimmering blue altar of Sif Muna.
 16195 | Lair:5   | Entered Level 5 of the Lair of Beasts
 16206 | Lair:5   | Found a dark tunnel.
 16227 | Lair:5   | Noticed a four-headed hydra
 16236 | Lair:5   | Killed a one-headed hydra
 16237 | Lair:5   | Gained mutation: You are strongly in touch with the powers
                  | of death. [Mummy growth]
 16237 | Lair:5   | Reached XP level 13. HP: 95/106 MP: 22/22
 16256 | Lair:5   | Found a gate leading to a gauntlet.
 16269 | Gauntlet | Entered a Gauntlet
 16269 | Gauntlet | Found a transporter.
 16276 | Gauntlet | Found a transporter.
 16279 | Gauntlet | Found a transporter.
 16280 | Gauntlet | Found a transporter.
 16291 | Gauntlet | Found a transporter.
 16292 | Gauntlet | Found a transporter.
 16300 | Gauntlet | Found a transporter.
 16303 | Gauntlet | Found a transporter.
 16304 | Gauntlet | Found a transporter.
 16313 | Gauntlet | Found a transporter.
 16315 | Gauntlet | Found a transporter.
 16316 | Gauntlet | Found a transporter.
 16327 | Gauntlet | Found a transporter.
 16372 | Gauntlet | Found a transporter.
 16522 | Gauntlet | Paralysed by you for 5 turns
 16572 | Gauntlet | Identified the ring "Yceaxto" {rPois rF+ Dex+4}
 16640 | Gauntlet | Identified the +0 kite shield of Undesirable Species
                  | {Dex+4}
 16640 | Gauntlet | Identified the amulet "Fuihukh" {Faith Str+4}
 16640 | Gauntlet | Noticed a minotaur
 16649 | Gauntlet | Killed a minotaur
 16738 | Volcano  | Entered a volcano
 17810 | D:12     | Noticed Azrael
 19199 | Lair:5   | Reached skill level 14 in Axes
 19397 | Lair:5   | Reached skill level 5 in Armour
 19502 | Lair:5   | Reached XP level 14. HP: 108/115 MP: 26/26
 19742 | Lair:5   | Reached skill level 5 in Shields
 19929 | Snake:1  | Entered Level 1 of the Snake Pit
 20397 | Snake:1  | Found Umuxkac's Book Shop.
 20647 | Snake:1  | Noticed a nagaraja
 20666 | Snake:1  | Killed a nagaraja
 20810 | Snake:1  | Noticed a nagaraja
 20867 | Snake:1  | Killed a nagaraja
 22035 | Snake:1  | Found the +0 staff of Battle
 22423 | Snake:2  | Found Dish's Magic Scroll Shop.
 22428 | Snake:2  | Found Piulorox's Distillery.
 22430 | Snake:2  | Bought a scroll of enchant weapon for 82 gold pieces
 22430 | Snake:2  | Bought a scroll of enchant weapon for 82 gold pieces
 22660 | D:12     | Killed Azrael
 23133 | D:12     | Found a staircase to the Orcish Mines.
 23158 | Orc:1    | Entered Level 1 of the Orcish Mines
 23186 | Orc:1    | Reached skill level 10 in Necromancy
 23753 | Orc:2    | Entered Level 2 of the Orcish Mines
 23753 | Orc:2    | Found a staircase to the Elven Halls.
 24812 | Orc:2    | Reached skill level 10 in Spellcasting
 24819 | Orc:2    | Reached XP level 15. HP: 121/122 MP: 29/29
 24909 | Orc:2    | Reached skill level 15 in Axes
 25229 | Orc:2    | Found Facydaomp's Antique Weapon Emporium.
 25233 | Orc:2    | Found Nekhluur's Magic Scroll Shop.
 25239 | Orc:2    | Bought a scroll of blinking for 97 gold pieces
 25239 | Orc:2    | Found Xeut's Magic Scroll Shop.
 25241 | Orc:2    | Found Eminwaj's Magic Scroll Emporium.
 25257 | Orc:2    | Bought a scroll of blinking for 127 gold pieces
 25259 | Orc:2    | Bought a scroll of acquirement for 780 gold pieces
 25267 | Orc:2    | Bought a scroll of enchant weapon for 97 gold pieces
 26524 | D:13     | Found a gate to the Vaults.
 26568 | D:13     | Found a transporter.
 26574 | D:13     | Noticed Rirphuq's ghost (journeyman DECj)
 26589 | D:13     | Found a transporter.
 27058 | D:6      | Killed Menkaure
 27088 | D:6      | Identified the ring "Eghue" {Ice rPois Int-4 SInv Stlth+}
 27250 | Shoals:1 | Entered Level 1 of the Shoals
 27617 | Lair:2   | Acquired the Discourse on Filthy Metal
 27619 | Lair:2   | Acquired 833 gold pieces
 28711 | Snake:2  | Noticed a nagaraja
 28721 | Snake:2  | Killed a nagaraja
 28810 | Snake:2  | Identified Roxanne's Octavo of the Switch
 28810 | Snake:2  | Noticed Roxanne
 28923 | Snake:2  | Noticed Nikola
 28936 | Snake:2  | Killed Nikola
 29163 | Snake:2  | Bought a scroll of poison for 44 gold pieces
 29856 | Snake:3  | Reached skill level 16 in Axes
 30021 | Snake:3  | Noticed Vashnia
 30191 | Snake:3  | Found Lint's Book Shop.
 30302 | Snake:3  | Reached XP level 16. HP: 132/132 MP: 30/30
 30391 | Snake:4  | Entered Level 4 of the Snake Pit
 30391 | Snake:4  | Noticed Aizul
 30406 | Snake:4  | Killed Aizul
 30428 | Snake:4  | Noticed Agnes
 30485 | Snake:3  | Noticed Lakiaq's ghost (journeyman VSWr)
 30492 | Snake:3  | Found a transporter.
 30508 | Snake:3  | Found a transporter.
 30886 | Snake:3  | Killed Vashnia
 31162 | Snake:4  | Noticed Kirke
 31241 | Snake:3  | Killed Lakiaq's ghost
 31412 | Snake:3  | Identified the +2 pair of gloves of the Thirsty Realms
                  | {Harm rF+ Will++ Slay-2}
 31452 | Snake:4  | Killed Agnes
 32003 | Snake:4  | Reached skill level 10 in Shields
 32069 | Snake:4  | Killed Kirke
 32280 | Snake:4  | Reached skill level 17 in Axes
 33239 | Snake:4  | Reached XP level 17. HP: 115/140 MP: 31/31
 33908 | Snake:4  | Slain by a nagaraja

Illustrated notes

Levels and vault maps discovered:
D:1:      minmay_arrival_loop, layout_basic, grunt_decor_one_mirror
D:2:      layout_loops_ring
D:3:      layout_loops_ring, nicolae_overflow_ecumenical_swirl
D:4:      gammafunk_wand_slinger, layout_basic
D:5:      layout_cave_pools, minmay_temple_entry_proselytizer,
          nicolae_kite_square_tiling_tiny, nicolae_grassy_gnolls
D:6:      layout_cave_pools, gammafunk_temple_of_torment, kennysheep_mini_moat,
          uniq_blork_the_orc
D:7:      layout_basic, mainiacjoe_overflow_alcove_2
D:8:      layout_layer_cave, serial_demonic, serial_demonic_e, serial_demonic_g,
          serial_demonic_c, serial_demonic_b, serial_demonic_c,
          serial_demonic_d, serial_demonic_b, nicolae_wooded_promenade
D:9:      layout_basic, enter_bailey_3, uniq_harold
D:10:     layout_cave_pools, nicolae_uskayaw_dance_studio, lair_entry_dummy,
          serial_shops, nicolae_diamond_shop
D:11:     layout_basic, serial_shops, shop_statue
D:12:     layout_layer_cave, erik_orc_2, uniq_azrael
D:13:     layout_loops_ring, david_vaults_2, gammafunk_ghost_mausoleum
Temple:   eino_temple_rhombus
Lair:1:   cheibrodos_lair_river_kwai, layout_regular_city, grunt_megastairs_2
Lair:2:   layout_cave_pods, elwin_shoals_entry_stream,
          nicolae_quartered_pool_impasse
Lair:3:   layout_cave_pods, dummy_snake_entry, infiniplex_staircase_pool_2
Lair:4:   layout_cave_pods, slime_entry_1, lemuel_centaur_altar,
          grunt_megastairs_5, serial_bayou_shore_b, lemuel_fruit_tree
Lair:5:   hangedman_lair_in_review, layout_hall_layers, enter_volcano_3,
          gauntlet_entry_generic, st_stairs_5
Shoals:1: layout_shoals
Snake:1:  layout_rooms, serial_shops, nicolae_shop_advertising_works
          [nicolae_subvault_shop_adworks], nicolae_snake_storage_room,
          grunt_megastairs_4
Snake:2:  layout_onion_interference, minmay_shoptagon, uniq_roxanne, uniq_nikola
Snake:3:  layout_rooms, gammafunk_ghost_berserking_beasts, serial_shops,
          nicolae_stop_n_shop_2, st_stairs_12, eino_curves_01, uniq_vashnia
Snake:4:  grunt_snake_rune_spirals, layout_onion_interference,
          nicolae_snake_ghostly_warrior_ritual, uniq_kirke, uniq_aizul,
          uniq_agnes
Orc:1:    layout_diamond_mine, minmay_orc_barracks
Orc:2:    st_orc_elflike, layout_diamond_mine, rock_pile

Skill      XL: |  1  2  3  4  5  6  7  8  9 10 11 12 13 14 15 16 |
---------------+-------------------------------------------------+-----
Axes           | 2 3 4 5 7 9 10 12 13 14 16 17 | 17.3
Shields        | 3 4 6 8 10 | 10.9
Fighting       | 4 5 6 8 9 10 11 12 13 14 | 14.9
Armour         | 3 4 5 6 |  6.5
Evocations     | 1 |  1.7
Necromancy     | 1 4 6 8 9 10 | 10.4
Throwing       | 2 |  2.0
Spellcasting   | 3 6 8 10 | 10.3

Action                     |  1- 3 |  4- 6 |  7- 9 | 10-12 | 13-15 | 16-18 || total
---------------------------+-------+-------+-------+-------+-------+-------++-------
  Melee: War axe           |    85 |   172 |   267 |   127 |       |       ||   651
         Broad axe         |       |       |       |   449 |  1067 |   381 ||  1897
         Hand axe          |       |       |       |    15 |    16 |       ||    31
   Fire: Sling             |       |     2 |       |     2 |    17 |       ||    21
  Throw: Dart              |       |     5 |     4 |    55 |    47 |     2 ||   113
         Stone             |       |     1 |    10 |     5 |       |       ||    16
         Boomerang         |       |       |       |     1 |       |       ||     1
 Invoke: Brand Weapon With |       |       |       |     1 |       |       ||     1
         Torment           |       |       |       |       |     4 |     5 ||     9
  Evoke: Wand              |       |     4 |    12 |    16 |    27 |     5 ||    64
         Box of beasts     |       |       |       |       |     1 |       ||     1
    Use: Scroll            |       |     7 |     8 |     9 |    15 |     2 ||    41
   Stab: Distracted        |       |     1 |       |       |       |       ||     1
         Petrified         |       |       |       |       |     7 |       ||     7
 Armour: Scale mail        |    47 |    41 |       |       |       |       ||    88
         Chain mail        |       |    48 |     9 |       |       |       ||    57
         Crystal plate arm |       |       |   259 |   375 |   693 |   191 ||  1518
  Dodge: Dodged            |    45 |    73 |    51 |    59 |   111 |    18 ||   357
  Block: Buckler           |    16 |    37 |    81 |   291 |   511 |       ||   936
         Reflection        |       |       |       |    15 |    68 |    77 ||   160
         Kite shield       |       |       |       |       |   135 |   335 ||   470

Table legend: (Time is in decaauts)
 A = Elapsed time spent in this place.
 B = Non-inter-level travel time spent in this place.
 C = Inter-level travel time spent in this place.
 D = Time resting spent in this place.
 E = Time spent auto-exploring this place.
 F = Levels seen in this place.
 G = Mean time per level.
                   A        B        C        D        E       F      G
               +--------+--------+--------+--------+--------+-----+--------+
         Total |  34109 |  31825 |   2284 |   8017 |  14041 |  29 | 1176.2 |
       Dungeon |  14271 |  13188 |   1083 |   2459 |   6946 |  13 | 1097.8 |
        Temple |     30 |     30 |      0 |      0 |      0 |   1 |   30.0 |
          Lair |   7181 |   6512 |    669 |   1195 |   3725 |   5 | 1436.2 |
        Shoals |    709 |    622 |     87 |    119 |    247 |   1 |  709.0 |
     Snake Pit |   8122 |   7790 |    332 |   3282 |   1911 |   4 | 2030.5 |
  Orcish Mines |   2166 |   2055 |    111 |    424 |    972 |   2 | 1083.0 |
        Bailey |   1141 |   1141 |      0 |    398 |    239 |   1 | 1141.0 |
       Volcano |     60 |     60 |      0 |     26 |      0 |   1 |   60.0 |
      Gauntlet |    425 |    425 |      0 |    113 |      0 |   1 |  425.0 |
               +--------+--------+--------+--------+--------+-----+--------+

Top non-repeatable levels by time:
 Snake:1: 2337 daAuts
 Snake:2: 2195 daAuts
    D:12: 2147 daAuts
 Snake:4: 1993 daAuts
  Lair:4: 1698 daAuts
  Lair:5: 1645 daAuts
 Snake:3: 1595 daAuts
     D:8: 1565 daAuts
  Lair:2: 1467 daAuts
     D:9: 1399 daAuts
  Lair:3: 1287 daAuts
   Orc:2: 1275 daAuts
     D:5: 1204 daAuts
  Bailey: 1141 daAuts
  Lair:1: 1082 daAuts
